| TOP OF THE 1ST |
|
Atlanta (MID) Braves batting - Pitching for Augusta GreenJackets : RHP Dan Post
|
|
Pitching: RHP Dan Post
|
|
|
Batting: LHB Bobby Upton
|
0-0: Ball 1-0: Ball 2-0: Ball 3-0: Called Strike 3-1: Base on Balls
|
|
Batting: LHB Travis Lazaro
|
0-0: Ball Bobby Upton steals 2nd, throwing error, E2 Bobby Upton to third 1-0: Foul Ball, location: 2F 1-1: Ball 2-1: Foul Ball, location: 2F 2-2: Ball 3-2: 2-RUN HOME RUN (Flyball, 89XD, EV 109.4 MPH), Distance : 425 ft
|
|
Batting: RHB Corey Dalton
|
0-0: Ball 1-0: Called Strike 1-1: Ball 2-1: Foul Ball, location: 2F 2-2: Fly out, F2 (Popup, 23F, EV 83.8 MPH)
|
|
Batting: RHB Mike Shook
|
0-0: Foul Ball, location: 2F 0-1: Foul Ball, location: 2F 0-2: Strikes out swinging
|
|
Batting: SHB Richello Badua
|
0-0: Fly out, F3 (Flyball, 3D, EV 87.5 MPH)
|
| Top of the 1st over - 2 runs, 1 hit, 1 error, 0 left on base; Atlanta (MID) 2 - Augusta 0 |
| BOTTOM OF THE 1ST |
|
Augusta GreenJackets batting - Pitching for Atlanta (MID) Braves : RHP Andy Kiefer
|
|
Pitching: RHP Andy Kiefer
|
|
|
Batting: LHB Kevin Kantor
|
0-0: Ball 1-0: Ball 2-0: Called Strike 2-1: Foul Ball, location: 2F 2-2: Ball 3-2: Foul Ball, location: 2F 3-2: Base on Balls
|
|
Batting: RHB Mike Buchanan
|
0-0: Foul Ball, location: 2F 0-1: Ball Kevin Kantor is caught stealing 2nd base 2-4 1-1: Called Strike 1-2: SINGLE (Line Drive, 8LS, EV 96.9 MPH)
|
|
Batting: LHB James Wheaton
|
0-0: Called Strike 0-1: Ball 1-1: Called Strike 1-2: Ball 2-2: Foul Ball, location: 2F 2-2: Grounds out, U3 (Groundball, 3L, EV 103.8 MPH)
|
|
Batting: LHB Gabe Velez
|
0-0: Ball 1-0: Ball 2-0: Swinging Strike 2-1: Foul Ball, location: 2F 2-2: Strikes out looking
|
| Bottom of the 1st over - 0 runs, 1 hit, 0 errors, 1 left on base; Atlanta (MID) 2 - Augusta 0 |
| TOP OF THE 2ND |
|
Atlanta (MID) Braves batting - Pitching for Augusta GreenJackets : RHP Dan Post
|
|
Batting: RHB Johnny Burroughs
|
0-0: Ball 1-0: Ball 2-0: Ball 3-0: Called Strike 3-1: Base on Balls
|
|
Batting: RHB Andy Cunningham
|
0-0: Ball 1-0: Called Strike 1-1: Ball 2-1: Fly out, F9 (Flyball, 89XD, EV 88.1 MPH)
|
|
Batting: SHB Juan Aguilar
|
Balk! Johnny Burroughs to second 0-0: Foul Ball, location: 2F 0-1: Ball 1-1: Fly out, F6 (Flyball, 56D, EV 83.1 MPH)
|
|
Batting: RHB Bobby Light
|
0-0: Foul Ball, location: 2F 0-1: Called Strike 0-2: Strikes out looking
|
| Top of the 2nd over - 0 runs, 0 hits, 0 errors, 1 left on base; Atlanta (MID) 2 - Augusta 0 |
| BOTTOM OF THE 2ND |
|
Augusta GreenJackets batting - Pitching for Atlanta (MID) Braves : RHP Andy Kiefer
|
|
Batting: RHB Chris King
|
0-0: Called Strike 0-1: Ball 1-1: Ball 2-1: Ground out 6-3 (Groundball, 6, EV 81.3 MPH)
|
|
Batting: RHB Devin Lowery
|
0-0: Foul Ball, location: 2F 0-1: Called Strike 0-2: Ball 1-2: Foul Ball, location: 2F 1-2: Ball 2-2: Ball 3-2: Foul Ball, location: 2F 3-2: Base on Balls
|
|
Batting: RHB Juan Flores
|
0-0: Ball 1-0: Foul Ball, location: 2F 1-1: Ball 2-1: DOUBLE (Groundball, 3L, EV 108.1 MPH) Devin Lowery to third
|
|
Batting: RHB Mike Jones
|
0-0: Ball 1-0: Ball 2-0: Ball 3-0: Base on Balls
|
|
Batting: RHB Micah McErlean
|
0-0: Foul Ball, location: 2F 0-1: Foul Ball, location: 2F 0-2: SINGLE (Groundball, 56S, EV 73.1 MPH) (infield hit) Devin Lowery scores Juan Flores to third Mike Jones to second
|
|
Batting: LHB Kevin Kantor
|
0-0: Ball 1-0: Ball 2-0: Ball 3-0: Base on Balls Juan Flores scores Mike Jones to third Micah McErlean to second
|
|
Batting: RHB Mike Buchanan
|
0-0: Called Strike 0-1: Hit by Pitch Mike Jones scores Micah McErlean to third Kevin Kantor to second
|
|
Batting: LHB James Wheaton
|
0-0: SINGLE (Groundball, 56S, EV 68.1 MPH) (infield hit) Micah McErlean scores Kevin Kantor to third Mike Buchanan to second
|
|
Batting: LHB Gabe Velez
|
0-0: Foul Ball, location: 2F 0-1: Swinging Strike 0-2: Ball 1-2: Foul Ball, location: 2F 1-2: Strikes out swinging
|
|
Batting: RHB Chris King
|
0-0: Swinging Strike 0-1: Ball 1-1: Fly out, F7 (Flyball, 7LM, EV 85.0 MPH)
|
| Bottom of the 2nd over - 4 runs, 3 hits, 0 errors, 3 left on base; Atlanta (MID) 2 - Augusta 4 |
| TOP OF THE 3RD |
|
Atlanta (MID) Braves batting - Pitching for Augusta GreenJackets : RHP Dan Post
|
|
Batting: LHB Bobby Upton
|
0-0: Called Strike 0-1: Called Strike 0-2: Ball 1-2: Ground out 3-1 (Groundball, 34S, EV 83.8 MPH)
|
|
Batting: LHB Travis Lazaro
|
0-0: Foul Ball, location: 2F 0-1: Foul Ball, location: 2F 0-2: Ball 1-2: Ball 2-2: Fly out, F7 (Line Drive, 7D, EV 94.4 MPH)
|
|
Batting: RHB Corey Dalton
|
0-0: Ball 1-0: SINGLE (Line Drive, 4D, EV 98.1 MPH)
|
|
Batting: RHB Mike Shook
|
0-0: Foul Ball, location: 2F 0-1: Foul Ball, location: 2F 0-2: Strikes out swinging
|
| Top of the 3rd over - 0 runs, 1 hit, 0 errors, 1 left on base; Atlanta (MID) 2 - Augusta 4 |
| BOTTOM OF THE 3RD |
|
Augusta GreenJackets batting - Pitching for Atlanta (MID) Braves : RHP Andy Kiefer
|
|
Batting: RHB Devin Lowery
|
0-0: Ball 1-0: Foul Ball, location: 2F 1-1: Ball 2-1: Called Strike 2-2: Strikes out swinging
|
|
Batting: RHB Juan Flores
|
0-0: Ball 1-0: Swinging Strike 1-1: Swinging Strike 1-2: Ball 2-2: Foul Ball, location: 2F 2-2: Ball 3-2: Strikes out swinging
|
|
Batting: RHB Mike Jones
|
0-0: Foul Ball, location: 2F 0-1: Ball 1-1: Reached via error on a dropped throw from 1B, E1 (Groundball, 34, EV 86.9 MPH)
|
|
Batting: RHB Micah McErlean
|
0-0: Ball 1-0: Foul Ball, location: 2F 1-1: Fly out, F9 (Flyball, 9LS, EV 77.5 MPH)
|
| Bottom of the 3rd over - 0 runs, 0 hits, 1 error, 1 left on base; Atlanta (MID) 2 - Augusta 4 |
| TOP OF THE 4TH |
|
Atlanta (MID) Braves batting - Pitching for Augusta GreenJackets : RHP Dan Post
|
|
Batting: SHB Richello Badua
|
0-0: Called Strike 0-1: Ball 1-1: Foul Ball, location: 2F 1-2: Foul Ball, location: 2F 1-2: Foul Ball, location: 2F 1-2: Ball 2-2: Foul Ball, location: 2F 2-2: Fly out, F7 (Flyball, 7S, EV 84.4 MPH)
|
|
Batting: RHB Johnny Burroughs
|
0-0: Called Strike 0-1: Ball 1-1: Ball 2-1: Foul Ball, location: 2F 2-2: Foul Ball, location: 2F 2-2: Ball 3-2: Ground out 6-3 (Groundball, 56D, EV 105.0 MPH)
|
|
Batting: RHB Andy Cunningham
|
0-0: Ball 1-0: Ball 2-0: Foul Ball, location: 2F 2-1: Swinging Strike 2-2: Strikes out swinging
|
| Top of the 4th over - 0 runs, 0 hits, 0 errors, 0 left on base; Atlanta (MID) 2 - Augusta 4 |
| BOTTOM OF THE 4TH |
|
Augusta GreenJackets batting - Pitching for Atlanta (MID) Braves : RHP Andy Kiefer
|
|
Batting: LHB Kevin Kantor
|
0-0: Swinging Strike 0-1: Ball 1-1: Ball 2-1: Foul Ball, location: 2F 2-2: Ball 3-2: Strikes out looking
|
|
Batting: RHB Mike Buchanan
|
0-0: Called Strike 0-1: Called Strike 0-2: Strikes out looking
|
|
Batting: LHB James Wheaton
|
0-0: Foul Ball, location: 2F 0-1: Foul Ball, location: 2F 0-2: Ball 1-2: Strikes out swinging
|
| Bottom of the 4th over - 0 runs, 0 hits, 0 errors, 0 left on base; Atlanta (MID) 2 - Augusta 4 |
| TOP OF THE 5TH |
|
Atlanta (MID) Braves batting - Pitching for Augusta GreenJackets : RHP Dan Post
|
|
Batting: SHB Juan Aguilar
|
0-0: Called Strike 0-1: Called Strike 0-2: Ball 1-2: Strikes out swinging
|
|
Batting: RHB Bobby Light
|
0-0: Called Strike 0-1: Called Strike 0-2: Ground out 5-3 (Groundball, 5S, EV 81.3 MPH)
|
|
Batting: LHB Bobby Upton
|
0-0: Ball 1-0: Reached on error, E6 (Groundball, 6, EV 80.0 MPH)
|
|
Batting: LHB Travis Lazaro
|
0-0: Ball Bobby Upton steals 2nd base 1-0: Foul Ball, location: 2F 1-1: Foul Ball, location: 2F 1-2: Foul Ball, location: 2F 1-2: Ball 2-2: Ground out 4-3 (Groundball, 4, EV 85.6 MPH)
|
| Top of the 5th over - 0 runs, 0 hits, 1 error, 1 left on base; Atlanta (MID) 2 - Augusta 4 |
| BOTTOM OF THE 5TH |
|
Augusta GreenJackets batting - Pitching for Atlanta (MID) Braves : RHP Andy Kiefer
|
|
Batting: LHB Gabe Velez
|
0-0: Ball 1-0: Called Strike 1-1: Ball 2-1: Foul Ball, location: 2F 2-2: Strikes out looking
|
|
Batting: RHB Chris King
|
0-0: Called Strike 0-1: Called Strike 0-2: Fly out, F9 (Flyball, 89M, EV 81.9 MPH)
|
|
Batting: RHB Devin Lowery
|
0-0: Ball 1-0: Called Strike 1-1: Fly out, F9 (Flyball, 9D, EV 103.1 MPH)
|
| Bottom of the 5th over - 0 runs, 0 hits, 0 errors, 0 left on base; Atlanta (MID) 2 - Augusta 4 |
| TOP OF THE 6TH |
|
Atlanta (MID) Braves batting - Pitching for Augusta GreenJackets : RHP Dan Post
|
|
Pitching: RHP Ron Riley
|
|
|
Batting: RHB Corey Dalton
|
0-0: Ground out 5-3 (Groundball, 56S, EV 85.6 MPH)
|
|
Batting: RHB Mike Shook
|
0-0: Ball 1-0: Called Strike 1-1: Foul Ball, location: 2F 1-2: Strikes out swinging
|
|
Batting: SHB Richello Badua
|
0-0: Called Strike 0-1: Foul Ball, location: 2F 0-2: Ball 1-2: Ball 2-2: Foul Ball, location: 2F 2-2: Strikes out swinging
|
| Top of the 6th over - 0 runs, 0 hits, 0 errors, 0 left on base; Atlanta (MID) 2 - Augusta 4 |
| BOTTOM OF THE 6TH |
|
Augusta GreenJackets batting - Pitching for Atlanta (MID) Braves : RHP Andy Kiefer
|
|
Pitching: RHP Kevin Zika
|
|
|
Batting: RHB Juan Flores
|
0-0: Called Strike 0-1: Swinging Strike 0-2: Ball 1-2: Ball 2-2: Foul Ball, location: 2F 2-2: Ground out 6-3 (Groundball, 6, EV 105.6 MPH)
|
|
Batting: RHB Mike Jones
|
0-0: Ground out 5-3 (Groundball, 56, EV 83.8 MPH)
|
|
Batting: RHB Micah McErlean
|
0-0: Called Strike 0-1: Ball 1-1: SINGLE (Line Drive, 78S, EV 103.8 MPH)
|
|
Batting: LHB Kevin Kantor
|
0-0: Foul Ball, location: 2F 0-1: Foul Ball, location: 2F 0-2: Foul Ball, location: 2F 0-2: Ground out U3 (Groundball, 34, EV 89.4 MPH)
|
| Bottom of the 6th over - 0 runs, 1 hit, 0 errors, 1 left on base; Atlanta (MID) 2 - Augusta 4 |
| TOP OF THE 7TH |
|
Atlanta (MID) Braves batting - Pitching for Augusta GreenJackets : RHP Ron Riley
|
|
Pitching: RHP Lorenzo Merjil
|
|
|
Batting: RHB Johnny Burroughs
|
0-0: Called Strike 0-1: Ball 1-1: Foul Ball, location: 2F 1-2: Foul Ball, location: 2F 1-2: Strikes out looking
|
|
Batting: RHB Andy Cunningham
|
0-0: Ball 1-0: Called Strike 1-1: Swinging Strike 1-2: Ball 2-2: Ball 3-2: Strikes out swinging, 2-3 out at first.
|
|
Batting: SHB Juan Aguilar
|
0-0: Fly out, F7 (Flyball, 7S, EV 90.0 MPH)
|
| Top of the 7th over - 0 runs, 0 hits, 0 errors, 0 left on base; Atlanta (MID) 2 - Augusta 4 |
| BOTTOM OF THE 7TH |
|
Augusta GreenJackets batting - Pitching for Atlanta (MID) Braves : RHP Kevin Zika
|
|
Pitching: RHP Craig Goguen
|
|
|
Batting: RHB Mike Buchanan
|
0-0: Called Strike 0-1: Ball 1-1: Called Strike 1-2: DOUBLE (Line Drive, 9LM, EV 106.3 MPH)
|
|
Batting: LHB James Wheaton
|
0-0: Ball 1-0: Called Strike 1-1: Swinging Strike 1-2: Foul Ball, location: 2F 1-2: Foul Ball, location: 2F 1-2: Strikes out swinging
|
|
Batting: LHB Gabe Velez
|
0-0: Called Strike Mike Buchanan is caught stealing 3rd base 2-5 0-1: SINGLE (Line Drive, 8RS, EV 101.3 MPH)
|
|
Batting: RHB Chris King
|
0-0: Called Strike 0-1: Ball 1-1: Foul Ball, location: 2F 1-2: Ball 2-2: Ball 3-2: Base on Balls Gabe Velez to second
|
|
Batting: RHB Devin Lowery
|
0-0: TRIPLE (Flyball, 78XD, EV 103.1 MPH) Gabe Velez scores Chris King scores
|
|
Batting: RHB Juan Flores
|
0-0: Swinging Strike 0-1: Called Strike 0-2: Ball 1-2: Ball 2-2: Ball 3-2: Reached on error, E5 (Groundball, 56, EV 92.5 MPH) Devin Lowery scores
|
|
Batting: RHB Mike Jones
|
0-0: Ball 1-0: Ball 2-0: SINGLE (Groundball, 56S, EV 71.3 MPH) (infield hit) Juan Flores to second
|
|
Batting: RHB Micah McErlean
|
0-0: Called Strike 0-1: Foul Ball, location: 2F 0-2: Foul Ball, location: 2F 0-2: Ball 1-2: Ground out 4-3 (Groundball, 4M, EV 109.4 MPH)
|
| Bottom of the 7th over - 3 runs, 4 hits, 1 error, 2 left on base; Atlanta (MID) 2 - Augusta 7 |
| TOP OF THE 8TH |
|
Atlanta (MID) Braves batting - Pitching for Augusta GreenJackets : RHP Lorenzo Merjil
|
|
Batting: RHB Bobby Light
|
0-0: Swinging Strike 0-1: Foul Ball, location: 2F 0-2: Fly out, F9 (Flyball, 89D, EV 86.9 MPH)
|
|
Batting: LHB Bobby Upton
|
0-0: Ball 1-0: Called Strike 1-1: Ball 2-1: Ball 3-1: Foul Ball, location: 2F 3-2: Strikes out swinging
|
|
Batting: LHB Travis Lazaro
|
0-0: Ball 1-0: Ball 2-0: Called Strike 2-1: Ball 3-1: Called Strike 3-2: Strikes out swinging
|
| Top of the 8th over - 0 runs, 0 hits, 0 errors, 0 left on base; Atlanta (MID) 2 - Augusta 7 |
| BOTTOM OF THE 8TH |
|
Augusta GreenJackets batting - Pitching for Atlanta (MID) Braves : RHP Craig Goguen
|
|
Batting: LHB Kevin Kantor
|
0-0: Ball 1-0: Foul Ball, location: 2F 1-1: Ball 2-1: Fly out, F7 (Flyball, 78D, EV 99.4 MPH)
|
|
Pitching: RHP Tom Lessor
|
|
|
Batting: RHB Mike Buchanan
|
0-0: Ball 1-0: Called Strike 1-1: Swinging Strike 1-2: Ground out U3 (Groundball, 34S, EV 86.9 MPH)
|
|
Batting: LHB James Wheaton
|
0-0: Ball 1-0: Ball 2-0: Called Strike 2-1: Foul Ball, location: 2F 2-2: Ground out U3 (Groundball, 3L, EV 80.0 MPH)
|
| Bottom of the 8th over - 0 runs, 0 hits, 0 errors, 0 left on base; Atlanta (MID) 2 - Augusta 7 |
| TOP OF THE 9TH |
|
Atlanta (MID) Braves batting - Pitching for Augusta GreenJackets : RHP Lorenzo Merjil
|
|
Batting: RHB Corey Dalton
|
0-0: Called Strike 0-1: Swinging Strike 0-2: Ground out 1-6-3 (Groundball, 15S, EV 107.5 MPH)
|
|
Batting: RHB Mike Shook
|
0-0: Called Strike 0-1: Ball 1-1: Called Strike 1-2: Ball 2-2: Fly out, F9 (Flyball, 9LS, EV 93.1 MPH)
|
|
Pitching: RHP John Bittinger
|
|
|
Batting: SHB Richello Badua
|
0-0: Ball 1-0: SINGLE (Line Drive, 89M, EV 94.4 MPH)
|
|
Batting: RHB Johnny Burroughs
|
0-0: Foul Ball, location: 2F 0-1: Ball 1-1: Called Strike 1-2: Foul Ball, location: 2F 1-2: Strikes out swinging
|
| Top of the 9th over - 0 runs, 1 hit, 0 errors, 1 left on base; Atlanta (MID) 2 - Augusta 7 |
|